 Dungeon Crawl Stone Soup version 0.32-a0-433-g08bcfe7efd (console) character file.

Game seed: 2595142654643338433

1951455 elliptic the Conqueror (level 27, 273/273 HPs)
             Began as a Coglin Berserker on Feb 22, 2024.
             Was the Champion of Trog.
             Escaped with the Orb
             ... and 3 runes
             ... and 1 gem on Feb 23, 2024!
             The game lasted 03:12:01 (56844 turns).

elliptic the Conqueror (Coglin Berserker)          Turns: 56844, Time: 03:12:02

Health: 273/273    AC: 47    Str: 39    XL:     27
Magic:  15/23      EV: 16    Int:  2    God:    Trog [******]
Gold:   313        SH:  5    Dex: 16    Spells: 26/26 levels left

rFire   + + .        a - +9 eveningstar (heavy) {norare}
rCold   + . .        b - +8 Vampire's Tooth {megavamp}
rNeg    . . .        H - +6 gold dragon scales {nodragon}
rPois   +            t - +1 helmet {Int+3}
rElec   +            v - +2 cloak
rCorr   .            u - +0 pair of gloves
SInv    .            U - +3 pair of seven-league boots {Rampage+∞}
Will    ++...        C - amulet of the Pharaoh's Fist {Reflect rElec rF+ Str+7 Int-3 SH+5} Stlth
                     R - +4 ring of slaying
HPRegen 0.65/turn    k - +4 ring of slaying
MPRegen 0.18/turn

%: reflection, clarity, rampage+inf
@: mighty
A: off-hand wielding, slow wielding, warmup strikes, legs shutdown, clarity,
deterioration 1, dopey 2, robust 1, strong 1, subdued magic 1, inability to
drink after injury 1
0: Orb of Zot
}: 3/15 runes: decaying, silver, gossamer
a: Renounce Religion, Berserk, Trog's Hand, Brothers in Arms


You escaped.
You worshipped Trog.
Trog was exalted by your worship.
You visited 10 branches of the dungeon, and saw 50 of its levels.
You visited the Abyss 1 time.
You visited 1 bazaar.
You also visited: Bailey and Gauntlet.

You collected 6068 gold pieces.
You spent 5755 gold pieces at shops.


Innate Abilities, Weirdness & Mutations

You can wield a second weapon in your off-hand.
It takes a long time for you to wield or remove held weapons.
Your first few attacks do less damage.
Attacking and casting redirects power from your legs.
You possess an exceptional clarity of mind.
Your body sometimes deteriorates upon taking damage.
You are very dopey. (Int -4)
You are robust. (+10% HP)
Your muscles are strong. (Str +4, Int/Dex -1)
Your spells are a little easier to cast, but a little less powerful.
You occasionally lose the ability to drink potions when taking damage.


   Skills:
 O Level 27 Fighting
 - Level 14.0 Short Blades
 - Level 6.0(12.8) Axes
 - Level 16.1(16.4) Maces & Flails
 O Level 27 Armour
 + Level 14.5 Dodging


You had 26 spell levels left.
You didn't know any spells.
Your spell library contained the following spells:

 Spells                   Type           Power      Damage    Failure   Level
 Apportation              Tloc           0%         N/A       92%         1
 Kiss of Death            Conj/Necr      0%         2d5       92%         1
 Necrotise                Necr           0%         1d4       92%         1
 Sandblast                Erth           0%         2d4       92%         1
 Slow                     Hex            0%         N/A       92%         1
 Sting                    Conj/Alch      0%         1d3       92%         1
 Summon Small Mammal      Summ           0%         N/A       92%         1
 Call Imp                 Summ           0%         N/A       98%         2
 Cigotuvi's Dreadful Rot  Necr/Alch/Air  0%         N/A       98%         2
 Ensorcelled Hibernation  Hex/Ice        0%         N/A       98%         2
 Jinxbite                 Hex            0%         N/A       98%         2
 Mercury Vapours          Alch/Air       0%         N/A       98%         2
 Static Discharge         Conj/Air       0%         3-3/arc   98%         2
 Sublimation of Blood     Necr           0%         N/A       98%         2
 Call Canine Familiar     Summ           0%         N/A       100%        3
 Fugue of the Fallen      Necr           0%         N/A       100%        3
 Hailstorm                Conj/Ice       0%         3d5       100%        3
 Mephitic Cloud           Conj/Alch/Air  0%         N/A       100%        3
 Ozocubu's Armour         Ice            0%         N/A       100%        3
 Passwall                 Erth           0%         N/A       100%        3
 Sigil of Binding         Hex            0%         N/A       100%        3
 Stone Arrow              Conj/Erth      0%         3d7       100%        3
 Tukima's Dance           Hex            0%         N/A       100%        3
 Vampiric Draining        Necr           0%         2d6       100%        3
 Volatile Blastmotes      Fire/Tloc      0%         2d10      100%        3
 Airstrike                Air            0%         2d(0-16)  100%        4
 Animate Armour           Summ/Erth      0%         N/A       100%        4
 Brom's Barrelling Bould  Conj/Erth      0%         2d3       100%        4
 Dimensional Bullseye     Hex/Tloc       0%         N/A       100%        4
 Dispel Undead            Necr           0%         3d6       100%        4
 Flame Wave               Conj/Fire      0%         2d4       100%        4
 Fulminant Prism          Conj/Alch      0%         3d5       100%        4
 Ignite Poison            Fire/Alch      0%         N/A       100%        4
 Iskenderun's Mystic Bla  Conj/Tloc      0%         2d3       100%        4
 Manifold Assault         Tloc           0%         N/A       100%        4
 Martyr's Knell           Necr/Summ      0%         N/A       100%        4
 Passage of Golubria      Tloc           0%         N/A       100%        4
 Petrify                  Alch/Erth      0%         N/A       100%        4
 Summon Blazeheart Golem  Fire/Summ      0%         N/A       100%        4
 Summon Lightning Spire   Summ/Air       0%         N/A       100%        4
 Vhi's Electric Charge    Tloc/Air       0%         N/A       100%        4
 Alistair's Intoxication  Alch           0%         N/A       100%        5
 Arcjolt                  Conj/Air       0%         1d10      100%        5
 Borgnjor's Vile Clutch   Necr/Erth      0%         N/A       100%        5
 Curse of Agony           Necr           0%         N/A       100%        5
 Fireball                 Conj/Fire      0%         3d3       100%        5
 Freezing Cloud           Conj/Ice/Air   0%         6-21      100%        5
 Irradiate                Conj/Alch      0%         3d11      100%        5
 Iskenderun's Battlesphe  Conj           0%         2d6       100%        5
 Lee's Rapid Deconstruct  Erth           0%         3d4*      100%        5
 Metabolic Englaciation   Hex/Ice        0%         N/A       100%        5
 Silence                  Hex/Air        0%         N/A       100%        5
 Summon Forest            Summ/Tloc      0%         N/A       100%        5
 Summon Mana Viper        Hex/Summ       0%         N/A       100%        5
 Bombard                  Conj/Erth      0%         9d1       100%        6
 Conjure Ball Lightning   Conj/Air       0%         3x3d6     100%        6
 Death Channel            Necr           0%         N/A       100%        6
 Eringya's Noxious Bog    Alch           0%         4d6       100%        6
 Plasma Beam              Fire/Air       0%         2x1d10    100%        6
 Sculpt Simulacrum        Ice/Alch       0%         N/A       100%        6
 Summon Cactus Giant      Summ           0%         N/A       100%        6
 Haunt                    Necr/Summ      0%         N/A       100%        7
 Orb of Destruction       Conj           0%         9d5       100%        7
 Spellforged Servitor     Conj/Summ      0%         N/A       100%        7
 Summon Hydra             Summ           0%         N/A       100%        7
 Borgnjor's Revivificati  Necr           0%         N/A       100%        8
 Discord                  Hex            0%         N/A       100%        8
 Lehudib's Crystal Spear  Conj/Erth      0%         10d2      100%        8
 Polar Vortex             Ice            0%         N/A       100%        9

Inventory:

Hand Weapons
 a - a +9 heavy eveningstar (weapon) {norare}
 b - the +8 Vampire's Tooth (offhand) {megavamp}
   (You found it on level 14 of the Dungeon)
Missiles
 r - 9 throwing nets
 K - 38 curare-tipped darts (quivered)
 T - 8 silver javelins
Armour
 s - the +0 pair of boots of Mordant Music {rN+++ Will- Str+8 Stlth+}
   (You acquired it on level 1 of the Vaults)

   Str+8:     It affects your strength (+8).
   rN+++:     It renders you almost immune to negative energy.
   Will-:     It decreases your willpower.
   Stlth+:    It makes you more stealthy.
 t - a +1 helmet of intelligence (worn)
 u - a +0 pair of gloves (worn)
 v - a +2 cloak (worn)
 y - a +2 helmet
 H - +6 gold dragon scales (worn) {nodragon}
 U - the +3 pair of seven-league boots (worn) {Rampage+∞}
   (You found it on level 2 of the Lair of Beasts)

   Rampage+∞: When moving toward enemies, its wearer moves as far as possible,
   alerting their target en route.
Jewellery
 f - the ring of Juqass {Int+6 Dex+6}
   (You found it on level 4 of the Spider Nest)

   [ring of dexterity]

   Int+6:     It affects your intelligence (+6).
   Dex+6:     It affects your dexterity (+6).
 k - a +4 ring of slaying (right grasper)
 m - the ring of Autumn {rElec rPois MP-9 AC+4 Dex-3}
   (You took it off an ironbound convoker on level 5 of the Vaults)

   [ring of protection]

   AC+4:      It affects your AC (+4).
   Dex-3:     It affects your dexterity (-3).
   rElec:     It insulates you from electricity.
   rPois:     It protects you from poison MP-9: It affects your magic capacity
   (-9).
 n - a ring of protection from fire
 z - the ring "Gyroobli" {rC++ rN+}
   (You found it on level 3 of the Crypt)

   [ring of positive energy]

   rC++:      It greatly protects you from cold.
   rN+:       It protects you from negative energy.
 C - the amulet of the Pharaoh's Fist (around neck) {Reflect rElec rF+ Str+7 Int-3 SH+5}
   (You bought it in a shop on level 2 of the Orcish Mines)

   [amulet of reflection]

   Reflect:   It reflects blocked missile attacks.
   Str+7:     It affects your strength (+7).
   Int-3:     It affects your intelligence (-3).
   rF+:       It protects you from fire.
   rElec:     It insulates you from electricity.
   SH+5:      It affects your SH (+5).
 D - the ring of Dishonour {+Blink rN+ Stlth+}
   (You found it in a Gauntlet)

   [ring of positive energy]

   rN+:       It protects you from negative energy.
   +Blink:    It lets you blink.
   Stlth+:    It makes you more stealthy.
 O - a ring of flight
 P - a ring of resist corrosion
 Q - a ring of poison resistance
 R - a +4 ring of slaying (left grasper)
 V - the ring of Otidazit {rC+ Will+ rCorr Dex+2}
   (You found it on level 2 of the Depths)

   [ring of resist corrosion]

   Dex+2:     It affects your dexterity (+2).
   rC+:       It protects you from cold.
   Will+:     It increases your willpower.
   rCorr:     It protects you from acid and corrosion.
 W - a +6 ring of strength
Wands
 B - a wand of digging (12)
 F - a wand of iceblast (64)
 J - a wand of quicksilver (37)
Scrolls
 d - 7 scrolls of poison
 g - 4 scrolls of fear
 i - 27 scrolls of teleportation
 l - 8 scrolls of brand weapon
 p - a scroll of enchant weapon
 w - a scroll of revelation
 A - 7 scrolls of blinking
 I - 4 scrolls of fog
 S - 5 scrolls of summoning
 Y - a scroll of silence {!r}
Potions
 c - 11 potions of ambrosia
 e - 3 potions of resistance
 h - 6 potions of might
 j - 21 potions of heal wounds
 q - 30 potions of curing
 x - 4 potions of invisibility
 G - 7 potions of enlightenment
 L - 5 potions of attraction
 M - 5 potions of berserk rage {!q}
 N - 4 potions of haste
 X - 4 potions of mutation {!q}
 Z - 4 potions of magic
Miscellaneous
 o - a lightning rod (4/4)


Message History

There is a stone staircase leading up here.
You climb upwards.
There is a stone staircase leading down here.
There is a stone staircase leading up here.
You climb upwards.
There is a stone staircase leading down here.
There is a stone staircase leading up here.
You climb upwards.
There is a stone staircase leading down here.
There is a strange disturbance nearby!
You feel yourself speed up.
You feel very mighty all of a sudden. Something hits you but does no damage.
Deactivating autopickup; reactivate with Ctrl-A.
You hit something with the +8 Vampire's Tooth.
You closely miss something with the +8 Vampire's Tooth.
You spit something like a pig with your +9 heavy eveningstar!!!
You cannot move.
You puncture something with the +8 Vampire's Tooth!
You barely miss something with the +8 Vampire's Tooth.
You miss something with your +9 heavy eveningstar.
Something hits you.
You feel your power leaking away.
You puncture something with the +8 Vampire's Tooth!
Trog accepts your kill.
Reactivating autopickup.
You feel a bit more experienced.
You swing at nothing.
HP restored.
There is a stone staircase leading up here.
You climb upwards.
There is a stone staircase leading down here.
There is a stone staircase leading up here.
You climb upwards.
There is a stone staircase leading down here.
You see here a +0 club.
Your extra speed is starting to run out.
You feel yourself slow down.
There is a staircase leading out of the dungeon here.
You have escaped!

.....############...#
.....##.....### #...########
##.#.#(.......###....#.....######
.....#.........##...........#....
#..|.###...##.%##.......)........
...#.# #######.%#......%)......##
...#.##### ##'#+##..........##.
..#......# #[...#..........#[.
..#......# #.@..#.............
.........########.##.........#...
...#.###.....................##.[
.....# ####.####...........#..##.
.....# #.# ######.#######....
%....######.####### #.# ####.
............##....# #.# ##
...#.....#####....# #.#
...#.(...# ##....# #%#


There were no monsters in sight!

Vanquished Creatures
  Frederick (Vaults:5)
  A dread lich (Zot:5)
  3 ancient liches
  Mennas (Depths:3)
  Mara (Spider:4)
  4 orbs of fire (Zot:5)
  Boris (5 times) (Vaults:3 Crypt:3 Depths:1 Depths:4 Vaults:5)
  5 Killer Klowns (Zot:5)
  Parghit (Depths:3)
  6 golden dragons
  Norris (Elf:3)
  A bone dragon (Crypt:3)
  Arachne (Spider:2)
  An electric golem (Zot:5)
  Rupert (D:15)
  16 tentacled monstrosities
  4 liches
  18 Orb Guardians (Zot:5)
  Mlioglotl (Swamp:4)
  5 titans
  A walking earthen tome (Depths:3)
  The ghost of SirDiesAlot the Cloud Mage, an adept OpAl of Gozag (Vaults:1)
  7 sphinxes
  16 ancient champions
  Frances (Spider:2)
  5 quicksilver dragons
  8 storm dragons
  A death cob (Zot:5)
  8 tengu reavers
  4 draconian monks
  5 shadow dragons
  Aizul (Spider:1)
  A thorn hunter (Swamp:4)
  Roxanne (Swamp:4)
  2 revenants (Crypt:3)
  A draconian knight (Depths:4)
  11 fire giants
  19 vault wardens
  15 frost giants
  3 emperor scorpions (Spider:4)
  2 draconian scorchers (Zot:5)
  2 iron dragons
  3 deep elf sorcerers
  A balrug (Depths:4)
  An orc warlord (Orc:1)
  3 curse skulls
  7 ghost moths
  2 ghouls (Crypt:3)
  7 draconian annihilators
  A cacodemon (Zot:5)
  16 very ugly things
  A formless jellyfish (Vaults:4)
  4 broodmothers
  A reaper (Crypt:3)
  19 ironbound preservers
  The ghost of zenocrate the Grappler, a journeyman TrDe of Okawaru (Lair:5)
  8 ironbound thunderhulks
  2 caustic shrike skeletons
  14 vampire knights
  The ghost of timneilson the Martial Artist, a journeyman OpSh of Gozag (Orc:1)
  4 deep elf death magi
  3 deep elf demonologists
  9 green draconians
  14 stone giants
  3 yellow draconians
  2 purple draconians (Depths:4)
  5 bunyips
  5 black draconians
  13 white draconians
  3 eleionomae
  5 war gargoyles
  A lorocyproca (D:3)
  4 spark wasps
  A minotaur (Gauntlet)
  6 dire elephants
  6 red draconians
  Azrael (Spider:1)
  3 eidola
  10 ettins
  3 crystal guardians
  A green death (Gauntlet)
  A mummy priest (Crypt:3)
  An entropy weaver (shapeshifter) (Elf:1)
  3 deep elf high priests
  8 jiangshi
  2 shambling mangroves
  Josephine (Orc:1)
  7 entropy weavers
  24 yaktaur captains
  A spriggan zombie (Crypt:1)
  35 vault guards
  Fannar (Lair:2)
  7 fire dragons
  7 rakshasas
  4 great orbs of eyes
  13 ice dragons
  Harold (D:10)
  3 peacekeepers
  20 hydras
  3 ogre magi
  A catoblepas (D:15)
  2 hell beasts
  4 spriggan air magi
  3 radroaches
  2 fenstrider witch skeletons
  7 boulder beetles
  12 centaur warriors
  5 death knights
  8 alligators
  37 dancing weapons
  A jorogumo (Spider:3)
  4 ironbound frosthearts
  4 ghost crabs
  2 hell hogs (Lair:5)
  14 two-headed ogres
  16 vampire magi
  7 deep troll earth magi
  12 death yaks
  3 thrashing horrors (Abyss:3)
  7 tengu warriors
  12 deep troll shamans
  4 occultists
  A titan zombie (Crypt:1)
  2 orc high priests (Orc:2)
  A soul eater (Crypt:2)
  7 demonic crawlers
  5 spriggan berserkers
  12 hell knights
  2 sixfirhies (Zot:5)
  16 deep elf knights
  36 skeletal warriors
  A storm dragon zombie (D:15)
  4 skysharks
  A golden dragon zombie (Depths:2)
  A storm dragon skeleton (Depths:2)
  14 iron trolls
  A fire crab (Lair:5)
  A spectral spark wasp (Depths:4)
  2 shadow wraiths (Crypt:2)
  Nergalle (Lair:2)
  An anaconda zombie (Abyss:3)
  4 pharaoh ants
  A bunyip zombie (Crypt:2)
  3 death drakes
  A deep troll (shapeshifter) (Vaults:5)
  4 goliath frogs
  10 bog bodies
  10 orb spiders
  4 glowing orange brains
  A swamp dragon (shapeshifter) (Depths:3)
  7 steelbarb worms
  57 deep trolls
  9 arcanists
  An anaconda skeleton (Crypt:1)
  An orange crystal statue (D:15)
  9 swamp dragons
  4 spriggan druids
  11 flayed ghosts
  A sun moth (Spider:3)
  Pikel (D:7)
  37 deep elf pyromancers
  10 necromancers
  2 golden dragon skeletons (Depths:1)
  3 orc knights
  3 starcursed masses (Abyss:3)
  12 deep elf archers
  29 deep elf zephyrmancers
  21 ironbound convokers
  15 phantasmal warriors
  4 harpies
  A draconian zombie (Crypt:3)
  4 will-o-the-wisps
  An oklob plant (Lair:1)
  24 wolf spiders
  52 ugly things
  An orc sorcerer (Orc:2)
  3 manticores
  12 cyclopes
  A meliai (shapeshifter) (Elf:2)
  3 worldbinders (Abyss:3)
  27 vault sentinels
  4 black mambas
  4 kobold blastminers (Orc:1)
  4 elephants
  19 moths of wrath
  2 molten gargoyles (Lair:5)
  A guardian serpent (Lair:2)
  9 cane toads
  2 dire elephant zombies (Crypt:2)
  A smoke demon (Abyss:3)
  5 large abominations (Abyss:3)
  An orange demon (Gauntlet)
  3 torpor snails
  A centaur skeleton (Crypt:3)
  A pale draconian zombie (Crypt:3)
  Jeremiah (D:9)
  2 rime drakes (Lair:2)
  A red draconian zombie (Crypt:2)
  Maggie (D:9)
  4 kobold demonologists (Abyss:3)
  3 efreet
  11 freezing wraiths
  A death yak zombie (Crypt:2)
  35 yaktaurs
  A golden dragon simulacrum (Crypt:2)
  Psyche (D:12)
  A black draconian skeleton (Crypt:3)
  A tengu conjurer (Depths:4)
  A great orb of eyes zombie (Crypt:2)
  6 guardian mummies (Crypt:3)
  A red devil (D:10)
  7 komodo dragons
  2 harpy zombies (Crypt:1)
  10 hornets
  A hellwing (Abyss:3)
  10 trolls
  2 polar bears
  A shadow dragon simulacrum (Depths:2)
  A tarantella (shapeshifter) (Depths:3)
  A wind drake (shapeshifter) (Vaults:5)
  A queen bee (shapeshifter) (Elf:2)
  16 tyrant leeches
  2 raiju (Abyss:3)
  Grinder (D:4)
  34 tarantellas
  A death drake skeleton (Crypt:1)
  A guardian serpent zombie (Crypt:1)
  A harpy skeleton (Crypt:3)
  A dream sheep (shapeshifter) (Vaults:5)
  10 dream sheep (Lair:4)
  A fire dragon zombie (Crypt:1)
  8 blink frogs
  2 spriggan skeletons
  4 air elementals
  23 culicivoras
  8 water elementals
  An ettin skeleton (Crypt:1)
  2 ynoxinuls (Abyss:3)
  14 slime creatures
  18 jumping spiders
  A shadow (D:10)
  4 small abominations (Abyss:3)
  11 wraiths
  A black mamba zombie (Crypt:2)
  11 spriggans
  8 wyverns
  10 vampires
  21 yaks
  Eustachio (D:4)
  6 fire elementals
  3 steam dragons
  2 wargs
  7 vampire mosquitoes
  10 basilisks
  2 fire bats (Lair:4)
  A neqoxec (Abyss:3)
  38 redbacks
  Edmund (D:5)
  20 swamp worms
  A naga zombie (Crypt:2)
  3 acid dragons
  2 glowing shapeshifter zombies
  2 human zombies
  14 water moccasins
  A naga skeleton (Crypt:1)
  Duvessa (D:6)
  11 hell hounds
  12 swamp drakes
  A black bear (D:8)
  A water nymph skeleton (Crypt:2)
  32 orc warriors
  A spriggan simulacrum (Depths:1)
  3 ice beasts
  A boggart (Vaults:2)
  15 laughing skulls
  11 centaurs
  17 wolves
  18 ogres
  2 phantoms (D:5)
  A snapping turtle skeleton (Crypt:2)
  A lemure (D:7)
  11 kobold brigands
  Blork the orc (D:4)
  A brain worm (Abyss:3)
  A bullfrog (shapeshifter) (D:14)
  14 bullfrogs
  A gnoll sergeant (D:11)
  6 scorpions
  3 earth elementals
  15 wights
  Dowan (D:6)
  10 killer bees
  A yak zombie (Crypt:3)
  4 electric eels
  11 howler monkeys
  6 lava snakes
  3 hounds
  5 jellies
  17 orc priests
  Ijyb (D:3)
  A black bear skeleton (Crypt:1)
  A gnoll bouda (D:4)
  6 iguanas
  A sleepcap (D:4)
  15 orc wizards
  An ogre zombie (Crypt:3)
  An acid dragon skeleton (Crypt:3)
  2 tengu skeletons
  A howler monkey zombie (Crypt:3)
  Robin (D:4)
  13 gnolls
  13 adders
  A shadow imp (D:6)
  2 white imps
  An ufetubus (Abyss:3)
  A lava snake zombie (Crypt:3)
  An adder skeleton (Crypt:1)
  3 dart slugs
  2 ribbon worms
  70 orcs
  10 endoplasms
  2 giant cockroaches (D:1)
  9 hobgoblins
  5 jackals
  4 quokkas
  5 ball pythons
  10 bats
  An endoplasm zombie (Crypt:2)
  5 frilled lizards
  A frilled lizard zombie (Crypt:3)
  19 goblins
  30 kobolds
  10 rats
2189 creatures vanquished.

Vanquished Creatures (collateral kills)
  Bai Suzhen (Spider:3)
  4 Orb Guardians (Zot:5)
  An emperor scorpion (Spider:4)
  An orc warlord (Orc:2)
  An orc high priest (Orc:2)
  2 demonic crawlers (Spider:3)
  2 death yaks (Lair:3)
  A swamp dragon (Swamp:4)
  A steelbarb worm (Spider:4)
  4 wolf spiders
  4 orc sorcerers (Orc:2)
  4 tarantellas
  4 culicivoras
  2 jumping spiders (Spider:4)
  5 redbacks
  5 orc warriors (Orc:2)
  A kobold brigand (Bailey)
  An orc priest (Orc:2)
  3 orc wizards (Orc:2)
  6 orcs (Orc:2)
53 creatures vanquished.

Vanquished Creatures (others)
  An orb spider (Spider:3)
  3 bloated husks
  A tarantella (Spider:3)
  2 hornets (Swamp:1)
  5 spriggans
  16 foxfires
28 creatures vanquished.

Grand Total: 2270 creatures vanquished

Notes
Turn   | Place    | Note
-------+----------+-------------------------------------------
     0 | D:1      | elliptic the Coglin Berserker began the quest for the Orb.
     0 | D:1      | Reached XP level 1. HP: 18/18 MP: 1/1
   126 | D:1      | Reached XP level 2. HP: 24/24 MP: 2/2
   292 | D:1      | Reached ** piety under Trog
   322 | D:1      | Reached XP level 3. HP: 29/29 MP: 3/3
   785 | D:2      | Identified the +1 whip "Qujath" {freeze, ^Contam rPois rF+
                  | rC+}
   868 | D:2      | Reached XP level 4. HP: 35/35 MP: 4/4
  1323 | D:3      | Reached *** piety under Trog
  1716 | D:3      | Noticed Ijyb
  1733 | D:3      | Killed Ijyb
  1734 | D:3      | Reached XP level 5. HP: 36/41 MP: 5/5
  2034 | D:3      | Reached skill level 6 in Axes
  2167 | D:4      | Found an iron altar of Okawaru.
  2167 | D:4      | Found a runed translucent door.
  2173 | D:4      | Found the +0 toga "Victory" {*Victory Clar}
  2176 | D:4      | hm
  2213 | D:4      | Found a shimmering altar of Xom.
  2232 | D:4      | Noticed Robin
  2237 | D:4      | oh
  2237 | D:4      | Killed Robin
  2238 | D:4      | Reached skill level 1 in Maces & Flails
  2348 | D:4      | Found a shimmering altar of Xom.
  2394 | D:4      | Found an ornate altar of the Wu Jian Council.
  2400 | D:4      | Noticed Eustachio
  2529 | D:4      | Killed Eustachio
  2530 | D:4      | Reached skill level 3 in Maces & Flails
  2530 | D:4      | Reached XP level 6. HP: 40/47 MP: 6/6
  2627 | D:4      | Reached **** piety under Trog
  2656 | D:4      | Reached XP level 7. HP: 51/52 MP: 7/7
  2852 | D:4      | Noticed Blork the orc
  2858 | D:4      | Killed Blork the orc
  3042 | D:4      | Found Coyj's Fire Supplies.
  3067 | D:4      | Found a glowing silver altar of Zin.
  3090 | D:4      | Noticed Grinder
  3121 | D:4      | Killed Grinder
  3122 | D:4      | Reached skill level 6 in Maces & Flails
  3122 | D:4      | Reached XP level 8. HP: 58/58 MP: 8/8
  3366 | D:5      | Entered Level 5 of the Dungeon
  3371 | D:5      | Found Zuti's General Store.
  3380 | D:5      | Bought a scroll of blinking for 105 gold pieces
  3643 | D:5      | Found a glowing golden altar of the Shining One.
  4039 | D:6      | Noticed Edmund
  4039 | D:6      | Noticed Duvessa
  4052 | D:5      | Killed Edmund
  4145 | D:6      | Killed Duvessa
  4230 | D:6      | Noticed Dowan
  4231 | D:6      | ugh
  4239 | D:6      | Killed Dowan
  4240 | D:6      | Reached XP level 9. HP: 68/68 MP: 9/9
  4521 | D:6      | Found a snail-covered altar of Cheibriados.
  4569 | D:6      | Found an opulent altar of Gozag.
  4681 | D:6      | Found a staircase to the Ecumenical Temple.
  4698 | D:6      | Reached ***** piety under Trog
  4853 | D:6      | Reached skill level 9 in Maces & Flails
  4957 | D:6      | Found Finwuix's Antique Weapon Shoppe.
  4966 | D:6      | Bought a runed morningstar for 196 gold pieces
  5266 | D:7      | Noticed Pikel
  5290 | D:7      | Killed Pikel
  5401 | D:7      | Found a stormy altar of Qazlal.
  5578 | D:7      | Reached XP level 10. HP: 77/79 MP: 10/10
  6042 | D:7      | Found a bloodstained altar of Trog.
  6047 | D:7      | Reached skill level 3 in Dodging
  6329 | D:8      | Found a flagged portal.
  6369 | Bailey   | Entered a bailey
  6465 | Bailey   | Noticed an orc knight
  6479 | Bailey   | sigh
  6482 | Bailey   | Killed an orc knight
  6654 | Bailey   | Found a burning altar of Makhleb.
  6671 | Bailey   | Got Heupp's Encyclopedia of Evolution
  6813 | D:8      | Found the +4 robe of Folly {Brill Will-∞ Int+8}
  6831 | D:8      | Identified the +8 short sword of Riff {flame, *Rage Fly
                  | rN++ Will-}
  6890 | D:8      | Identified the +5 hand axe "Liumneim" {spect, Str+3}
  6924 | D:8      | Found a staircase to the Lair.
  6976 | D:8      | Reached XP level 11. HP: 50/87 MP: 11/11
  7210 | D:8      | Got the Handbook of the Catalyst and the Tundra
  7327 | D:9      | Found a staircase to the Orcish Mines.
  7330 | D:9      | Found Pydettoe's Armour Shop.
  7402 | D:8      | Reached skill level 12 in Maces & Flails
  7470 | D:9      | Received a gift from Trog
  7500 | D:9      | Found a radiant altar of Vehumet.
  7510 | D:9      | Found an ancient bone altar of Kikubaaqudgha.
  7511 | D:9      | Found a shimmering blue altar of Sif Muna.
  7516 | D:9      | Got Sif Muna's Directory of Malediction
  7550 | D:9      | Noticed Maggie
  7564 | D:9      | Killed Maggie
  7590 | D:9      | Noticed Jeremiah
  7595 | D:9      | Killed Jeremiah
  7721 | D:9      | Found a large runed translucent door.
  7722 | D:9      | Found a large runed translucent door.
  7736 | D:9      | Noticed a centaur warrior
  7737 | D:9      | Noticed a cyclops
  7743 | D:9      | Found a large runed translucent door.
  7743 | D:9      | Found a large runed translucent door.
  8173 | D:9      | Noticed a centaur warrior
  8182 | D:9      | Killed a centaur warrior
  8356 | D:9      | Noticed a tengu warrior
  8365 | D:9      | Killed a tengu warrior
  8366 | D:9      | Reached skill level 9 in Fighting
  8508 | D:10     | Entered Level 10 of the Dungeon
  8535 | D:10     | Found a sacrificial altar of Ru.
  8569 | D:10     | Noticed a boulder beetle
  8576 | D:10     | Killed a boulder beetle
  8656 | D:10     | Noticed a two-headed ogre
  8665 | D:10     | Killed a two-headed ogre
  8753 | D:10     | Found a blossoming altar of Fedhas.
  8790 | D:10     | Noticed Harold
  8818 | D:10     | Killed Harold
  9046 | D:10     | Found a broken altar of Ashenzari.
  9327 | D:11     | Noticed a cyclops
  9329 | D:11     | Noticed a cyclops
  9500 | D:11     | Reached XP level 12. HP: 94/95 MP: 12/12
 10035 | D:11     | Noticed a two-headed ogre
 10042 | D:11     | Killed a two-headed ogre
 10119 | D:11     | Noticed a boulder beetle
 10126 | D:11     | Killed a boulder beetle
 10279 | D:12     | Reached skill level 15 in Maces & Flails
 10320 | D:12     | Noticed a two-headed ogre
 10327 | D:12     | Killed a two-headed ogre
 10774 | D:12     | Noticed Psyche
 10777 | D:12     | Killed Psyche
 11230 | D:12     | Noticed a two-headed ogre
 11235 | D:12     | Killed a two-headed ogre
 11236 | D:12     | Reached XP level 13. HP: 81/103 MP: 10/13
 11385 | Lair:1   | Entered Level 1 of the Lair of Beasts
 11619 | Lair:1   | Found a broken altar of Ashenzari.
 12320 | Lair:2   | Noticed Fannar
 12331 | Lair:2   | Killed Fannar
 12332 | Lair:2   | Reached skill level 6 in Dodging
 12444 | Lair:2   | Noticed Nergalle
 12451 | Lair:2   | Killed Nergalle
 12768 | Lair:2   | Received a gift from Trog
 13066 | Lair:2   | Reached skill level 12 in Fighting
 13075 | Lair:2   | Found the +3 pair of seven-league boots {Rampage+∞}
 13532 | Lair:3   | Found a hole to the Spider Nest.
 13679 | Lair:3   | lol
 13903 | Lair:3   | Found a staircase to the Swamp.
 14241 | Lair:3   | Reached XP level 14. HP: 89/118 MP: 10/14
 14640 | Lair:4   | sigh
 15224 | Lair:5   | Entered Level 5 of the Lair of Beasts
 15286 | Lair:5   | Reached skill level 15 in Fighting
 15338 | Lair:5   | Reached ****** piety under Trog
 15595 | Lair:5   | Found a transporter.
 15597 | Lair:5   | Found a transporter.
 15641 | Lair:5   | Found a bloodstained altar of Trog.
 15661 | Lair:5   | Noticed zenocrate's ghost (journeyman TrDe)
 15670 | Lair:5   | Found a staircase to the Slime Pits.
 15670 | Lair:5   | Found a viscous altar of Jiyva.
 16003 | Lair:5   | Received a gift from Trog
 16279 | Lair:5   | Found a large runed translucent door.
 16279 | Lair:5   | Found a large runed translucent door.
 16617 | Orc:1    | Entered Level 1 of the Orcish Mines
 16970 | Orc:1    | Noticed Josephine
 17034 | Orc:1    | Killed Josephine
 17046 | Orc:1    | Received a gift from Trog
 17146 | Orc:1    | Found Patair's Weapon Shop.
 17349 | Orc:1    | Noticed an orc warlord
 17358 | Orc:1    | Killed an orc warlord
 17390 | Orc:1    | Found a runed translucent door.
 17391 | Orc:1    | Noticed timneilson's ghost (journeyman OpSh)
 17495 | Orc:1    | Killed timneilson's ghost
 17528 | Orc:2    | Entered Level 2 of the Orcish Mines
 17537 | Orc:2    | Reached XP level 15. HP: 120/132 MP: 15/15
 17569 | Orc:2    | Found Gusk's Jewellery Boutique.
 17592 | Orc:2    | hm
 17596 | Orc:2    | right
 17611 | Orc:2    | Noticed an orc warlord
 17619 | Orc:2    | Received a gift from Trog
 17619 | Orc:2    | Killed an orc warlord
 17646 | Orc:2    | Found Ages's Antique Weapon Shop.
 17654 | Orc:2    | Bought an encrusted broad axe for 234 gold pieces
 17654 | Orc:2    | Identified the +2 broad axe "Qinies" {speed, Fly rC- rN+
                  | Int+8} (You bought it in a shop on level 2 of the Orcish
                  | Mines)
 17654 | Orc:2    | sure
 17683 | Orc:2    | Found Roitiyli's Antique Armour Boutique.
 17735 | Orc:2    | Found Gunodosch's General Store.
 17791 | Orc:2    | Found Veiliot's Antique Weapon Shoppe.
 17795 | Orc:2    | Reached skill level 9 in Dodging
 17872 | Orc:2    | Found a staircase to the Elven Halls.
 18290 | D:13     | Noticed Nessos
 18295 | D:13     | Nessos changed into Nessos the slime creature
 18295 | D:13     | Noticed Nessos
 18296 | D:13     | Killed Nessos the slime creature
 18370 | D:13     | Found a runed translucent gate.
 18370 | D:13     | Found a runed translucent gate.
 18370 | D:13     | Found a runed translucent gate.
 18371 | D:13     | Noticed Rudyous's ghost (journeyman DsAl)
 19087 | D:14     | Found a gate leading to a gauntlet.
 19209 | Gauntlet | Entered a Gauntlet
 19209 | Gauntlet | Found a transporter.
 19209 | Gauntlet | Found a transporter.
 19209 | Gauntlet | Found a transporter.
 19217 | Gauntlet | Found a transporter.
 19230 | Gauntlet | Found a transporter.
 19236 | Gauntlet | Found a transporter.
 19241 | Gauntlet | Found a transporter.
 19242 | Gauntlet | Found a transporter.
 19247 | Gauntlet | Found a transporter.
 19284 | Gauntlet | Found a transporter.
 19361 | Gauntlet | Found a transporter.
 19373 | Gauntlet | Identified the +1 helmet "Nabraul" {Int+5}
 19382 | Gauntlet | Found a transporter.
 19388 | Gauntlet | Identified the ring of Dishonour {+Blink rN+ Stlth+}
 19402 | Gauntlet | Reached skill level 18 in Fighting
 19533 | Gauntlet | Reached skill level 3 in Armour
 19543 | Gauntlet | Got the Folio of the Disturbing Thickets
 19545 | Gauntlet | Identified the +1 war axe "Qetwiorgh" {flame, *Corrode
                  | *Slow rF+++ Stlth+}
 19889 | D:14     | Found a gate to the Vaults.
 19980 | D:14     | Reached skill level 6 in Armour
 20175 | D:14     | Reached XP level 16. HP: 141/143 MP: 16/16
 20290 | D:14     | Found the +8 Vampire's Tooth {megavamp}
 20298 | D:14     | oh
 20298 | D:14     | uh
 20388 | D:15     | Entered Level 15 of the Dungeon
 21052 | D:15     | Reached skill level 9 in Armour
 21057 | D:15     | Noticed Rupert
 21068 | D:15     | Killed Rupert
 21083 | D:15     | Found a runed translucent door.
 21134 | D:15     | Received a gift from Trog
 21286 | D:15     | Found a staircase to the Depths.
 21317 | D:15     | Found a runed translucent door.
 21336 | D:15     | Found a runed translucent door.
 21369 | D:15     | Found a runed translucent door.
 21770 | D:5      | Bought a scroll of acquirement for 728 gold pieces
 21770 | D:5      | Acquired 702 gold pieces
 21879 | D:9      | Bought a +0 crystal plate armour for 880 gold pieces
 22391 | Lair:5   | Killed zenocrate's ghost
 22618 | Spider:1 | Entered Level 1 of the Spider Nest
 22637 | Spider:1 | Noticed Azrael
 22864 | Spider:1 | Killed Azrael
 22958 | Spider:1 | Identified the serpent talisman "Damnable Contraption"
                  | {rElec Str-3 SInv}
 22958 | Spider:1 | Noticed Aizul
 22975 | Spider:1 | Killed Aizul
 23532 | Spider:1 | Reached skill level 12 in Armour
 23869 | Spider:2 | Identified the +9 dagger "Impslayer" {heavy, *Rage rN+++
                  | rCorr Dex+4}
 24016 | Spider:2 | Received a gift from Trog
 24052 | Spider:2 | Reached XP level 17. HP: 132/149 MP: 17/17
 24185 | Spider:2 | Noticed Arachne
 24199 | Spider:2 | Killed Arachne
 24680 | Spider:2 | Noticed Frances
 24687 | Spider:2 | Killed Frances
 25249 | Spider:3 | Noticed Mara
 25271 | Spider:3 | Identified the +8 flail of Konnurghi {heavy, Str+2 SInv}
                  | (Trog gifted it to you on level 3 of the Spider Nest)
 25271 | Spider:3 | Received a gift from Trog
 25312 | Spider:3 | Noticed elliptic's illusion
 25313 | Spider:3 | what
 25316 | Spider:4 | Entered Level 4 of the Spider Nest
 25413 | Spider:4 | Identified the ring of Juqass {Int+6 Dex+6}
 25435 | Spider:4 | meh
 25445 | Spider:4 | Noticed elliptic's illusion
 25448 | Spider:4 | Killed Mara
 25449 | Spider:4 | Reached skill level 15 in Armour
 25870 | Spider:3 | Noticed Bai Suzhen
 25898 | Spider:3 | Killed Bai Suzhen
 26460 | Spider:4 | Received a gift from Trog
 26612 | Spider:4 | Reached XP level 18. HP: 158/158 MP: 18/18
 27531 | Spider:4 | Reached XP level 19. HP: 167/167 MP: 19/19
 27534 | Spider:4 | Got a gossamer rune of Zot
 27976 | Swamp:1  | Entered Level 1 of the Swamp
 28714 | Swamp:1  | Received a gift from Trog
 29863 | Swamp:2  | Reached skill level 1 in Short Blades
 30210 | Orc:2    | Bought the amulet of the Pharaoh's Fist {Reflect rElec rF+
                  | Str+7 Int-3 SH+5} for 891 gold pieces
 30602 | Swamp:3  | Reached skill level 3 in Short Blades
 31149 | Swamp:4  | Entered Level 4 of the Swamp
 31198 | Swamp:4  | oops
 31202 | Swamp:4  | sigh
 31518 | Swamp:4  | Reached skill level 6 in Short Blades
 31588 | Swamp:4  | Reached XP level 20. HP: 173/176 MP: 6/20
 31825 | Swamp:4  | Noticed Roxanne
 32010 | Swamp:4  | Noticed Mlioglotl
 32021 | Swamp:4  | Killed Mlioglotl
 32360 | Swamp:4  | Killed Roxanne
 32459 | Swamp:4  | Reached skill level 9 in Short Blades
 32516 | Swamp:4  | Got a decaying rune of Zot
 33420 | Elf:1    | Entered Level 1 of the Elven Halls
 33670 | Elf:1    | Received a gift from Trog
 34627 | Elf:2    | Found a runed translucent gate.
 34627 | Elf:2    | Found a runed translucent gate.
 34627 | Elf:2    | Found a runed translucent gate.
 34690 | Elf:2    | Received a gift from Trog
 34728 | Elf:2    | Reached skill level 12 in Short Blades
 35306 | Elf:2    | Reached XP level 21. HP: 177/183 MP: 7/21
 35533 | Elf:3    | Entered Level 3 of the Elven Halls
 35533 | Elf:3    | Noticed Norris
 35550 | Elf:3    | Killed Norris
 35748 | Elf:3    | Received a gift from Trog
 35866 | Elf:3    | Found Rapnih's Assorted Antiques.
 36614 | D:9      | Bought a +0 cloak for 49 gold pieces
 36728 | Vaults:1 | Entered Level 1 of the Vaults
 37311 | Vaults:1 | Found a large runed translucent door.
 37311 | Vaults:1 | Found a large runed translucent door.
 37311 | Vaults:1 | Found a large runed translucent door.
 37311 | Vaults:1 | Found a large runed translucent door.
 37312 | Vaults:1 | Found a large runed translucent door.
 37312 | Vaults:1 | Found a large runed translucent door.
 37312 | Vaults:1 | Found a large runed translucent door.
 37312 | Vaults:1 | Found a large runed translucent door.
 37312 | Vaults:1 | Noticed SirDiesAlot's ghost (adept OpAl)
 37406 | Vaults:1 | Identified the +7 rapier of Fuxuacri {flame, rF+ Str+4
                  | Dex-2} (Trog gifted it to you on level 1 of the Vaults)
 37406 | Vaults:1 | Received a gift from Trog
 37635 | Vaults:1 | what
 37635 | Vaults:1 | Killed SirDiesAlot's ghost
 37636 | Vaults:1 | Reached skill level 18 in Armour
 38333 | Vaults:2 | Reached skill level 21 in Fighting
 38430 | Vaults:2 | Received a gift from Trog
 38462 | Vaults:2 | Found a staircase to the Crypt.
 38554 | Vaults:2 | Identified the +1 falchion "Saeghofo" {protect, rPois Int+2
                  | SInv}
 38567 | Vaults:2 | Reached XP level 22. HP: 179/194 MP: 22/22
 39075 | Vaults:3 | Received a gift from Trog
 39158 | Vaults:3 | Identified the +4 robe "Fuprofig" {Int+3}
 39158 | Vaults:3 | Noticed Boris
 39162 | Vaults:3 | Killed Boris
 39452 | Vaults:4 | Found a flickering gateway to a bazaar.
 39462 | Bazaar   | Entered a bazaar
 39476 | Bazaar   | Found Foxkutoo's Antique Weapon Emporium.
 39492 | Bazaar   | Found Foeg's Distillery.
 39508 | Bazaar   | Found Biolur's Antique Weapon Shoppe.
 39524 | Bazaar   | Found Bypt's Weapon Emporium.
 39524 | Bazaar   | Found Locegog's Distillery.
 39571 | Bazaar   | Bought a potion of heal wounds for 60 gold pieces
 39571 | Bazaar   | Bought a potion of heal wounds for 60 gold pieces
 39571 | Bazaar   | Bought a potion of heal wounds for 60 gold pieces
 39571 | Bazaar   | Gained mutation: You are dopey. (Int -2) [potion of
                  | mutation]
 39571 | Bazaar   | Gained mutation: Your system is resistant to poisons.
                  | (rPois) [potion of mutation]
 39571 | Bazaar   | Lost intelligence.
 39571 | Bazaar   | Gained mutation: You are very dopey. (Int -4) [potion of
                  | mutation]
 39571 | Bazaar   | Gained mutation: You expend magic power (3 MP) to
                  | strengthen your wands. [potion of mutation]
 39573 | Bazaar   | lol
 39573 | Bazaar   | Lost mutation: Your system is resistant to poisons. (rPois)
                  | [potion of mutation]
 39573 | Bazaar   | Lost mutation: You expend magic power (3 MP) to strengthen
                  | your wands. [potion of mutation]
 39573 | Bazaar   | Gained mutation: You occasionally lose the ability to drink
                  | potions when taking damage. [potion of mutation]
 39573 | Bazaar   | Gained mutation: Potions are less effective at restoring
                  | your health. [potion of mutation]
 39573 | Bazaar   | Gained mutation: You are robust. (+10% HP) [potion of
                  | mutation]
 39574 | Bazaar   | Bought a potion of mutation for 96 gold pieces
 39574 | Bazaar   | Lost mutation: Potions are less effective at restoring your
                  | health. [potion of mutation]
 39574 | Bazaar   | Lost mutation: You occasionally lose the ability to drink
                  | potions when taking damage. [potion of mutation]
 39574 | Bazaar   | Gained mutation: You possess an exceptional clarity of
                  | mind. [potion of mutation]
 39574 | Bazaar   | Gained mutation: Your muscles are strong. (Str +4, Int/Dex
                  | -1) [potion of mutation]
 39575 | Bazaar   | well
 39634 | Bazaar   | Bought a potion of heal wounds for 60 gold pieces
 39634 | Bazaar   | Bought a potion of resistance for 120 gold pieces
 39660 | Bazaar   | Bought a potion of magic for 96 gold pieces
 39660 | Bazaar   | Bought a potion of curing for 36 gold pieces
 39686 | Bazaar   | Bought 2 potions of curing for 72 gold pieces
 39686 | Bazaar   | Bought a potion of curing for 36 gold pieces
 39686 | Bazaar   | Bought a potion of curing for 36 gold pieces
 39791 | Vaults:2 | oh
 41027 | D:9      | Bought a +1 helmet of intelligence for 181 gold pieces
 41333 | Vaults:3 | Identified the +1 plate armour of Protective Custody {rF+
                  | Int+2 Dex+5}
 42010 | Vaults:4 | Received a gift from Trog
 42048 | Vaults:4 | Found Haenleg's Armour Shoppe.
 42442 | Vaults:4 | Received a gift from Trog
 43107 | Crypt:1  | Entered Level 1 of the Crypt
 43134 | Crypt:1  | Reached XP level 23. HP: 160/217 MP: 23/23
 43167 | Crypt:1  | Acquired the +0 pair of boots of Mordant Music {rN+++ Will-
                  | Str+8 Stlth+}
 43538 | Crypt:1  | Received a gift from Trog
 44702 | Crypt:2  | Got Sif Muna's Encyclopedia of Cold Summoning
 44752 | Crypt:2  | Received a gift from Trog
 45233 | Crypt:3  | Entered Level 3 of the Crypt
 45233 | Crypt:3  | Identified the +3 robe "Poeschaq" {Str+3}
 45233 | Crypt:3  | Noticed Boris
 45792 | Crypt:3  | Found a staircase to the Tomb.
 45995 | Crypt:3  | Killed Boris
 46091 | Crypt:3  | Received a gift from Trog
 46190 | Crypt:3  | Paralysed by a vampire knight for 4 turns
 46415 | Crypt:3  | HP: 45/227 [ancient champion/iron shot (53)]
 46416 | Crypt:3  | ow why
 46986 | Crypt:3  | Received a gift from Trog
 46990 | Crypt:3  | Reached skill level 21 in Armour
 47037 | Crypt:3  | Reached XP level 24. HP: 189/237 MP: 23/23
 47062 | Crypt:3  | Found an ancient bone altar of Kikubaaqudgha.
 47063 | Crypt:3  | Noticed an ancient lich
 47073 | Crypt:3  | Killed an ancient lich
 47117 | Crypt:3  | Found a basalt altar of Yredelemnul.
 47175 | Crypt:3  | Found the +9 staff of Olgreb {rPois∞}
 47181 | Crypt:3  | Identified the ring of Jaaklaho {rN+ Dex+3}
 47181 | Crypt:3  | Identified the ring "Xulas" {rN+ Int+5}
 47188 | Crypt:3  | Got Nyatz's Quarto of Unspeakable Rites
 47192 | Crypt:3  | Identified the ring "Gyroobli" {rC++ rN+}
 47495 | Depths:1 | Entered Level 1 of the Depths
 47510 | Depths:1 | Found Geyddec's Antique Weapon Boutique.
 47588 | Depths:1 | Identified the +2 robe of Xettam {rN+++ rCorr Int+2 Slay-2}
 47588 | Depths:1 | Noticed Boris
 47595 | Depths:1 | Killed Boris
 47715 | Depths:1 | Found a shadowy altar of Dithmenos.
 47721 | Depths:1 | Reached skill level 24 in Fighting
 47753 | Depths:1 | Found Urall's Assorted Antiques.
 47760 | Depths:1 | Bought a fine lead ring for 180 gold pieces
 47760 | Depths:1 | Identified the ring of Juesoit {Ice rN+ Str+3} (You bought
                  | it in a shop on level 1 of the Depths)
 47884 | Depths:1 | Found a gateway to Hell.
 48302 | Depths:1 | Found Avuif's Distillery.
 48305 | Depths:1 | Bought a potion of heal wounds for 85 gold pieces
 48305 | Depths:1 | Bought a potion of heal wounds for 85 gold pieces
 48305 | Depths:1 | Bought a potion of heal wounds for 85 gold pieces
 48515 | Depths:1 | Got the Directory of Metal and the Nimbus
 48649 | Depths:2 | Received a gift from Trog
 48730 | Depths:2 | Identified the ring of Otidazit {rC+ Will+ rCorr Dex+2}
 49047 | Depths:2 | Found a one-way gate to the infinite horrors of the Abyss.
 49089 | Depths:2 | Found a radiant altar of Vehumet.
 49576 | Depths:2 | Identified the +3 rapier of the Hand {freeze, rPois Str+5}
 49606 | Depths:2 | Found a one-way gate leading to the halls of Pandemonium.
 49822 | Depths:3 | Found Jewing's Magic Scroll Shop.
 49831 | Depths:3 | Bought a scroll of blinking for 82 gold pieces
 49831 | Depths:3 | Bought a scroll of enchant armour for 82 gold pieces
 49832 | Depths:3 | Found Weronok's Jewellery Shop.
 49839 | Depths:3 | Found a one-way gateway to a ziggurat.
 50010 | Depths:3 | Noticed Mennas
 50030 | Depths:3 | Killed Mennas
 50030 | Depths:3 | Received a gift from Trog
 50279 | Depths:3 | Noticed Parghit
 50286 | Depths:3 | Killed Parghit
 50287 | Depths:3 | Reached XP level 25. HP: 232/250 MP: 23/23
 50304 | Depths:3 | what
 50632 | Depths:4 | Entered Level 4 of the Depths
 50779 | Depths:4 | Received a gift from Trog
 51173 | Depths:4 | Identified the +3 robe of Aduiffe {Str+2}
 51173 | Depths:4 | Noticed Boris
 51176 | Depths:4 | Killed Boris
 51419 | Depths:4 | Identified the ring of Xom's Ringing Laughter {rF+ rC- MP+9
                  | Dex+4 Stlth+}
 51427 | Depths:4 | eh
 51605 | Depths:4 | Reached skill level 27 in Fighting
 51755 | Depths:4 | Received a gift from Trog
 51795 | Depths:4 | Found a gate to the Realm of Zot.
 52257 | Vaults:5 | Entered Level 5 of the Vaults
 52365 | Vaults:5 | Identified the +4 robe of Lenufin {Archmagi}
 52365 | Vaults:5 | Noticed Boris
 52376 | Vaults:5 | Killed Boris
 52376 | Vaults:5 | Received a gift from Trog
 52380 | Vaults:5 | Reached XP level 26. HP: 266/266 MP: 23/23
 52509 | Vaults:5 | Noticed an ancient lich
 52518 | Vaults:5 | Killed an ancient lich
 52558 | Vaults:5 | sigh
 52596 | Vaults:5 | Reached skill level 24 in Armour
 52656 | Vaults:5 | Identified the orb of Qeogrug {*channel, Int+3}
 52656 | Vaults:5 | Noticed Frederick
 52669 | Vaults:5 | Killed Frederick
 52776 | Vaults:5 | Received a gift from Trog
 53058 | Vaults:5 | Identified the +0 plate armour of Sabren {rCorr}
 53106 | Vaults:5 | Got a silver rune of Zot
 53236 | Vaults:5 | Identified the +2 sling "Pemok" {freeze, rN++}
 53377 | Vaults:5 | Identified the +0 leather armour "Jupaipni" {*Corrode
                  | Dex+4}
 53453 | Vaults:5 | Identified the ring of Autumn {rElec rPois MP-9 AC+4 Dex-3}
 53636 | Abyss:3  | Cast into level 3 of the Abyss (a deep elf demonologist)
 53804 | Abyss:3  | Received a gift from Trog
 53951 | Vaults:5 | Escaped the Abyss
 54533 | D:5      | Bought a potion of resistance for 140 gold pieces
 54750 | Elf:3    | Bought a scroll of fog for 144 gold pieces
 54750 | Elf:3    | Bought a scroll of teleportation for 108 gold pieces
 54782 | Elf:3    | meh
 55069 | Depths:1 | Bought a potion of curing for 51 gold pieces
 55111 | Depths:3 | Bought 2 scrolls of teleportation for 66 gold pieces
 55111 | Depths:3 | Bought a scroll of teleportation for 33 gold pieces
 55111 | Depths:3 | Bought a scroll of teleportation for 33 gold pieces
 55111 | Depths:3 | Bought a scroll of teleportation for 33 gold pieces
 55165 | Zot:1    | Entered Level 1 of the Realm of Zot
 55177 | Zot:1    | Found a transporter.
 55177 | Zot:1    | Noticed Vytzaeja's ghost (veteran OnBe)
 55314 | Zot:1    | Reached XP level 27. HP: 236/273 MP: 23/23
 55626 | Zot:5    | Entered Level 5 of the Realm of Zot
 55633 | Zot:5    | Found Ropa's Changing Room.
 55648 | Zot:5    | Bought a potion of mutation for 184 gold pieces
 55648 | Zot:5    | Bought a potion of mutation for 184 gold pieces
 55648 | Zot:5    | Bought a potion of mutation for 184 gold pieces
 56048 | Zot:5    | Got a prismatic gem with 172 turns to spare
 56057 | Zot:5    | Received a gift from Trog
 56058 | Zot:5    | Reached skill level 27 in Armour
 56109 | Zot:5    | Noticed a dread lich
 56121 | Zot:5    | Killed a dread lich
 56125 | Zot:5    | Noticed an ancient lich
 56133 | Zot:5    | Killed an ancient lich
 56143 | Zot:5    | Reached skill level 12 in Dodging
 56146 | Zot:5    | Noticed an orb of fire
 56154 | Zot:5    | Killed an orb of fire
 56163 | Zot:5    | Noticed an orb of fire
 56163 | Zot:5    | Noticed an orb of fire
 56180 | Zot:5    | Gained mutation: You occasionally lose the ability to drink
                  | potions when taking damage. [an orb of fire]
 56183 | Zot:5    | Killed an orb of fire
 56184 | Zot:5    | why
 56190 | Zot:5    | Noticed an electric golem
 56191 | Zot:5    | Gained mutation: Your body sometimes deteriorates upon
                  | taking damage. [an orb of fire]
 56197 | Zot:5    | Noticed an orb of fire
 56197 | Zot:5    | Gained mutation: Your spells are a little easier to cast,
                  | but a little less powerful. [an orb of fire]
 56198 | Zot:5    | Killed an orb of fire
 56203 | Zot:5    | Killed an orb of fire
 56208 | Zot:5    | Killed an electric golem
 56247 | Zot:5    | Lost intelligence.
 56250 | Zot:5    | good typo
 56296 | Zot:5    | Got the Orb of Zot
 56844 | D:$      | Escaped with the Orb!

Levels and vault maps discovered:
D:1:      dpeg_arrival_ratfight, layout_rooms, serial_bayou_pond_c,
          minmay_pentomino_w4
D:2:      layout_loops_ring, palyth_stone_intersect
D:3:      layout_loops_corners, uniq_ijyb
D:4:      layout_rooms, mainiacjoe_overflow_concentric_impassable,
          nicolae_overflow_guarded_unrand_okawaru_victory,
          nicolae_wu_jian_wuxing_cycle, xom_redecorated, nicolae_shop_fire_sale
          [nicolae_sub_dead_trees], minmay_divided_ellipse, uniq_grinder,
          uniq_eustachio, uniq_robin, uniq_blork_the_orc
D:5:      layout_loops_ring, mainiacjoe_overflow_surrounded_room, serial_shops,
          shop
D:6:      layout_loops_ring, lemuel_coloured_pillars_altar,
          kennysheep_slug_shrine, minmay_temple_entry_ruins, serial_shops,
          nicolae_lakefront_shop, uniq_edmund, uniq_duvessa
D:7:      layout_basic, trog_butcher_becter, grunt_qazlal_sundering,
          minmay_misc_feat_alley, grunt_ministairs_10, st_stairs_3,
          feat_on_display, uniq_pikel
D:8:      layout_rooms, erik_lair_orcish_takeover, enter_bailey_5,
          dreamdust_deal_with_the_devil
D:9:      layout_long_grid, grunt_temple_overflow_magic_moments, orc_david_3,
          minmay_hollow_rounded_squares, uniq_maggie, uniq_jeremiah
D:10:     layout_rooms, mainiacjoe_overflow_paths, lemuel_doored_altar,
          nicolae_ru_sacrificial_ziggurat, dreamdust_princess_corridor,
          serial_bayou_ford_a, uniq_harold
D:11:     dreamdust_cave_troll, layout_small_grid
D:12:     layout_roguey, serial_corexii_hall, corexii_hall_statues_l,
          corexii_hall_statues_s, corexii_hall_statues_deadend,
          chequers_hall_statues_corner_a, uniq_psyche
D:13:     layout_layer_cave, gammafunk_ghost_hydra_chop, uniq_nessos
D:14:     layout_basic, hellmonk_vaults_attempted_burglary,
          gauntlet_entry_generic, serial_bayou_pond_d,
          kennysheep_big_empty_room, minmay_guarded_unrand_vampires_tooth
D:15:     gammafunk_depths_entry_grave, layout_gridville,
          hangedman_decor_riveting, minmay_statue_crystal_thing, uniq_rupert
Lair:1:   layout_gridlike, lemuel_oklob_altar
Lair:2:   layout_gridlike, serial_rivers, chequers_serial_rivers_large_a,
          chequers_serial_rivers_room_a, chequers_serial_rivers_small_3,
          chequers_serial_rivers_micro_b, chequers_serial_rivers_micro_d,
          dreamdust_mushroom_princess,
          hellmonk_guarded_unrand_seven_league_boots, uniq_nergalle, uniq_fannar
Lair:3:   layout_cave_pods, minmay_swamp_entry_worms, spider_nest_entry_a
Lair:4:   layout_gridlike, minmay_holes, lemuel_old_faithful,
          lemuel_fruit_fields
Lair:5:   cheibrodos_lair_end_hotspot, layout_regular_city,
          minmay_slime_entry_pillars, gammafunk_ghost_wrathful_warriors
Swamp:1:  layout_basic_swamp, nicolae_swamp_stuck_in_the_mud,
          nicolae_swamp_tree_isthmus, infiniplex_staircase_pool
Swamp:2:  layout_falls_marsh, nicolae_swamp_well_well_well, swamp_pool_5
Swamp:3:  layout_basic_swamp, hangedman_swamp_ruin_wall, swamp_pool_1_2,
          nicolae_swamp_decorative_isthmus
Swamp:4:  swamp_basic_johnstein, layout_basic_swamp, swamp_pool_1_2,
          uniq_roxanne, uniq_mlioglotl
Spider:1: layout_spider_delve, uniq_azrael, uniq_aizul
Spider:2: layout_spider_delve, nicolae_arachne_temple, uniq_frances
Spider:3: layout_spider_delve, nicolae_orb_island, uniq_bai_suzhen, uniq_mara
Spider:4: grunt_spider_rune_parallel
Orc:1:    layout_caves, gammafunk_ghost_grave, serial_shops,
          nicolae_shop_pleasant_corner_grove, minmay_orc_barracks,
          uniq_josephine
Orc:2:    grunt_orc_gardens, layout_caves, grunt_orc_garden, grunt_orc_garden,
          grunt_orc_garden, grunt_orc_garden, serial_shops, shop
Elf:1:    layout_geoelf_octagon, nicolae_elf_crossing_hall, st_stairs_14,
          kilobyte_mutagenic_chamber
Elf:2:    nicolae_elf_blades_splatter_lattice [nooodl_blade_entry_preview],
          layout_geoelf_octagon
Elf:3:    elf_hall_gauntlet_narrow, layout_onion_city, serial_shops,
          nicolae_square_shop, lemuel_flamethrower_2, uniq_norris
Vaults:1: advil_vaults_ghost_lines, grunt_vaults_hallway_short, st_lines,
          ontoclasm_vaults_gateway, ontoclasm_vaults_shuriken, v_alt_pattern_1,
          nicolae_vaults_house_3, hangedman_vaults_corner_blocks,
          nicolae_vaults_little_squares_1, vaults_room_octagon,
          layout_vaults_omnigrid
Vaults:2: minmay_crypt_entry_simple_box, v_pattern_4, nicolae_vaults_wrenched,
          v_alt_pattern_6, v_misc_14, nicolae_vaults_bisected_exclaves,
          vaults_dpeg_hooks, vaults_room_semicircle,
          nicolae_vaults_circle_grid_b, nicolae_vaults_variable_pillar_hall,
          nicolae_vaults_yaktaur_gun_rack,
          nicolae_vaults_windows_and_doors_thing, layout_vaults_omnicross
Vaults:3: ontoclasm_vaults_spin, hangedman_vaults_stretched_pinwheel,
          nicolae_vaults_triangles, nicolae_vaults_six-pack,
          nicolae_vaults_house_3, vaults_dpeg_diagonal,
          nicolae_vaults_trapezoid_lopsided_1, vaults_mumra_hexcomb,
          layout_vaults_chaotic_city, uniq_boris
Vaults:4: v_alt_pattern_3, nicolae_vaults_house_2, nicolae_vaults_tetromino_Z_2,
          dpeg_vaults_monster_box, nicolae_vaults_ring_of_whatevers,
          vaults_mumra_chevron_long, nicolae_vaults_shipping_containers_5,
          vaults_mumra_hex, nicolae_vaults_closet_pinwheel_3, v_misc_19,
          layout_vaults_omnibox, serial_shops, bzr_entry_gold
Vaults:5: uniq_margery, uniq_frederick
Crypt:1:  layout_misc_corridors, nicolae_crypt_crosshalls
Crypt:2:  layout_chaotic_city
Crypt:3:  lightli_unholy_cathedral, layout_chaotic_city,
          tomb_entry_shell_bobbens, nicolae_danse_macabre
Depths:1: layout_gridlike, serial_shops, nicolae_shop_hallway_plus, shop,
          kennysheep_mini, hell_entry, chequers_hall_statues_y,
          hangedman_abyss_or_decor_jellyfish_corner, minmay_misc_feat_rows,
          library_closet, serial_bayou_pond_e, hex_large,
          nicolae_dithmenos_through_a_glass_darkly
Depths:2: minmay_spiral_squares, layout_basic,
          nicolae_abyss_entry_one_way_or_another, grunt_hell_entry_dis_mu,
          pan_entry, vehumet_crystals
Depths:3: minmay_sliced_demisemicircle, layout_cave_shapes, enter_ziggurat_a,
          grunt_pan_entry_zigzag, pf_coc_iceberg, hangedman_abyss_entry_splay,
          infiniplex_staircase_pool_lava, minmay_shop_star, uniq_mennas,
          uniq_parghit
Depths:4: lemuel_castle_with_subvaults [lemuel_castle_interior_carwin_2],
          layout_cave_pools, grunt_mini_vestibule, hangedman_decor_opposing,
          grunt_decor_mini_mirrors
Zot:1:    lemuel_halls_of_wrath, layout_onion_interference,
          gammafunk_ghost_arena, st_small_dragon_hoard_5
Zot:2:    dreamdust_zin_vs_xom, layout_gridlike, grunt_megastairs_1
Zot:3:    layout_gridlike
Zot:4:    layout_twisted_circle
Zot:5:    layout_twisted_circle, nicolae_transmutations_shop,
          grunt_ministairs_15

Action                     |  1- 3 |  4- 6 |  7- 9 | 10-12 | 13-15 | 16-18 | 19-21 | 22-24 | 25-27 || total
---------------------------+-------+-------+-------+-------+-------+-------+-------+-------+-------++-------
  Melee: Hand axe          |    86 |    56 |       |       |       |       |       |       |       ||   142
         Mace              |    38 |    57 |       |       |       |       |       |       |       ||    95
         Flail             |       |   115 |   334 |   266 |   405 |       |       |       |       ||  1120
         Morningstar       |       |       |    34 |   278 |   684 |   946 |    54 |       |       ||  1996
         Eveningstar       |       |       |       |       |       |   348 |   824 |   934 |   915 ||  3021
         Demon whip        |       |       |       |       |       |       |   448 |       |       ||   448
         Quick blade       |       |       |       |       |       |       |   429 |  1536 |  1572 ||  3537
  Throw: Dart              |       |       |       |    27 |    16 |     4 |       |       |     2 ||    49
         Throwing net      |       |       |       |       |       |     1 |       |       |       ||     1
 Invoke: Trog's Hand       |       |       |     3 |     4 |     3 |     8 |     2 |    17 |    11 ||    48
         Berserk           |       |       |     2 |     1 |     8 |     6 |       |       |     1 ||    18
         Brothers in Arms  |       |       |       |     1 |     2 |     7 |     1 |     1 |     2 ||    14
  Evoke: Wand              |       |       |     5 |    10 |     3 |    11 |     1 |       |     1 ||    31
    Use: Scroll            |     4 |     3 |    11 |     6 |     5 |    10 |    11 |     4 |    14 ||    68
         Potion            |       |       |       |       |       |     4 |     1 |     4 |     9 ||    18
   Stab: Distracted        |       |       |     1 |     1 |       |     2 |       |       |     2 ||     6
         Sleeping          |       |       |       |     1 |     1 |       |       |       |       ||     2
         Invisible         |       |       |       |       |       |    16 |       |       |       ||    16
         Held in net/web   |       |       |       |       |       |     1 |       |       |       ||     1
 Armour: Ring mail         |    27 |       |       |       |       |       |       |       |       ||    27
         Scale mail        |    22 |    27 |       |       |       |       |       |       |       ||    49
         Chain mail        |       |    36 |    59 |       |       |       |       |       |       ||    95
         Robe              |       |       |    82 |   214 |   285 |    68 |       |       |       ||   649
         Crystal plate arm |       |       |       |       |       |   777 |   755 |   842 |     9 ||  2383
         Gold dragon scale |       |       |       |       |       |       |       |       |   949 ||   949
  Dodge: Dodged            |    37 |    55 |    87 |   176 |   288 |   357 |   360 |   375 |   431 ||  2166
  Block: Other             |       |       |       |       |       |       |   107 |   132 |   137 ||   376
         Reflection        |       |       |       |       |       |       |    13 |     8 |     7 ||    28
